Map: Inside and Out

Players

RiSkyZ (RiSky)

  • Race: Zerg Zerg
  • Spawn Location: 1:00

Lambo - Winner!

  • Race: Zerg Zerg
  • Spawn Location: 7:00

Event: HomeStory Cup XXII

VOD

Have the link to the VOD?

Description

Time

  • Played on: Dec. 15, 2022, 5:37 a.m.
  • Length: 5:17

All games in this series

Show
View Real Time Build Order
Export as new Build Order

RiSkyZ Zerg 

Build Orders: Hatch First 

Get SALT Encoding   

  12  0:00  Drone  
  13  0:12  Overlord  
  13  0:16  Drone  
  14  0:30  Drone x2  
  16  0:48  Hatchery  
  15  0:50  Drone  
  15  0:54  Drone  
  17  0:57  Drone  
  18  1:08  Extractor  
  17  1:13  Spawning Pool  
  17  1:16  Drone  
  17  1:20  Drone  
  18  1:27  Drone  
  19  1:38  Drone  
  20  1:49  Drone  
  21  1:59  Overlord  
  21  2:01  Queen x2, Drone  
  26  2:11  Metabolic Boost, Drone x2  
  28  2:22  Drone  
  29  2:23  Drone  
  30  2:33  Hatchery  
  30  2:35  Zergling x2  
  30  2:41  Drone  
  31  2:48  Overlord  
  31  2:50  Drone  
  32  2:55  Drone  
  32  2:56  Drone  
  34  3:02  Extractor  
  33  3:09  Drone x2  
  35  3:13  Roach Warren  
  35  3:14  Drone x2, Overlord  
  35  3:15  Overlord  
  35  3:33  Overlord  
  35  3:53  Roach x9  
  53  3:56  Roach  
  53  3:57  Roach  
  53  3:59  Roach  
  53  4:00  Roach  
  53  4:02  Roach  
  63  4:07  Overlord  
  63  4:11  Zergling x2  
  63  4:12  Zergling x2  
  63  4:16  Zergling x4  
  67  4:19  Zergling x4  
  67  4:20  Zergling x2  
  67  4:23  Zergling x2  
  71  4:30  Zergling x6  
  74  4:33  Zergling x4  
  76  4:40  Zergling x4  
  76  4:44  Zergling x2  
  77  4:56  Ravager  
  77  4:57  Zergling x2, Ravager  
  77  4:58  Zergling x8  
  77  4:59  Ravager  
Show
View Real Time Build Order
Export as new Build Order

Lambo Zerg - Winner!

Build Orders: Hatch First 

Get SALT Encoding   

  12  0:00  Drone  
  13  0:12  Overlord  
  13  0:16  Drone  
  14  0:30  Drone x2  
  16  0:46  Hatchery  
  15  0:50  Drone  
  15  0:54  Drone  
  17  1:07  Spawning Pool  
  17  1:10  Drone  
  17  1:13  Drone  
  17  1:15  Extractor  
  18  1:18  Drone  
  18  1:27  Drone  
  19  1:39  Drone  
  20  1:49  Overlord  
  20  1:53  Queen  
  22  1:58  Queen  
  22  1:59  Drone  
  22  2:00  Drone  
  26  2:09  Drone  
  26  2:10  Drone  
  28  2:20  Drone  
  28  2:21  Drone  
  30  2:31  Lair, Drone  
  30  2:32  Drone  
  30  2:34  Queen  
  34  2:41  Drone  
  34  2:42  Overlord  
  35  2:49  Evolution Chamber  
  34  2:52  Drone  
  34  2:53  Drone  
  34  2:58  Roach Warren  
  35  3:00  Drone  
  35  3:01  Drone x2  
  35  3:03  Drone  
  39  3:08  Drone x2  
  39  3:10  Drone x2  
  43  3:15  Zerg Missile Weapons Level 1  
  43  3:18  Drone  
  44  3:21  Extractor x2  
  44  3:22  Overlord  
  42  3:28  Drone, Evolution Chamber  
  42  3:29  Drone  
  42  3:32  Drone  
  44  3:36  Overlord  
  44  3:37  Glial Reconstitution  
  44  3:40  Drone x2  
  46  3:42  Drone  
  46  3:43  Drone  
  48  3:50  Overlord  
  48  3:51  Drone  
  48  3:53  Overlord  
  48  3:54  Overseer  
  49  3:56  Roach  
  49  4:02  Overlord  
  51  4:06  Roach  
  51  4:07  Roach  
  55  4:16  Roach x3  
  61  4:18  Roach  
  61  4:25  Hatchery  
  61  4:27  Roach  
  61  4:28  Overlord  
  62  4:32  Overlord  
  62  4:35  Ravager  
  63  4:39  Spine Crawler  
  63  4:41  Roach x3  
  68  4:46  Roach x4  
  68  4:49  Roach  
  68  4:52  Roach x2  
Tags
 
Add a new tag
Caveats
  • Supply blocks, unpowered buildings, or Contaminate may cause inaccurate times.
  • Supply counts are checked every 10 seconds.